 Dungeon Crawl Stone Soup version 0.24-a0-439-g6dd8730de2 (webtiles) character file.

Game seed: 18329443750178024784

1362 night the Ogre Mage (level 8, -9/67 HPs)
             Began as an Ogre Ice Elementalist on June 16, 2019.
             Was a Follower of Vehumet.
             Mangled by a mummy (17 damage)
             ... in an ossuary on June 17, 2019.
             The game lasted 00:21:51 (8381 turns).

night the Ogre Mage (Ogre Ice Elementalist)         Turns: 8381, Time: 00:21:52

Health: -9/67      AC:  5    Str: 13    XL:     8   Next: 64%
Magic:  1/18       EV: 10    Int: 18    God:    Vehumet [*.....]
Gold:   523        SH:  0    Dex:  9    Spells: 7/21 levels left

rFire    + . .     SeeInvis +   G - +2 morningstar (venom)
rCold    . . .     Gourm    .   (no shield)
rNeg     . . .     Faith    .   u - +2 robe {MR+}
rPois    .         Spirit   .   (helmet restricted)
rElec    .         Reflect  .   (no cloak)
rCorr    .         Harm     .   (gloves unavailable)
MR       +....                  (boots unavailable)
Stlth    +.........             (no amulet)
HPRegen  0.21/turn              g - ring of see invisible
MPRegen  0.16/turn              B - ring of protection from fire

@: no status effects
A: large, unfitting armour, tough skin 1
a: Renounce Religion


You were in an ossuary.
You worshipped Vehumet.
Vehumet was aware of your devotion.
You were not hungry.

You visited 2 branches of the dungeon, and saw 8 of its levels.
You also visited: Ossuary.

You collected 523 gold pieces.

Inventory:

Hand Weapons
 y - a +3 mace
 G - a +2 morningstar of venom (weapon)
Missiles
 e - 139 stones
 n - 2 throwing nets
 s - 8 poisoned darts
 x - 7 boomerangs (quivered)
 H - 5 atropa-tipped darts
Armour
 u - a +2 robe of magic resistance (worn)
Jewellery
 g - a ring of see invisible (left hand)
 B - a ring of protection from fire (right hand)
Wands
 p - a wand of polymorph (16)
 A - a wand of paralysis (10)
Scrolls
 a - a scroll of enchant armour {unknown}
 d - a scroll of fear {unknown}
 i - 7 scrolls of identify
 k - 2 scrolls of magic mapping {unknown}
 m - 3 scrolls of teleportation
 t - 2 scrolls of fog {unknown}
 v - a scroll of immolation {unknown}
 C - 2 scrolls of remove curse
 I - a scroll of noise {unknown}
Potions
 b - a potion of flight {unknown}
 f - a potion of degeneration {unknown}
 h - 2 potions of resistance {unknown}
 j - 3 potions of curing {unknown}
 l - 3 potions of heal wounds
 o - a potion of might {unknown}
 q - a potion of agility
 r - 4 potions of brilliance {unknown}
 w - a potion of haste {unknown}
 z - a potion of magic {unknown}
 D - 2 potions of invisibility {unknown}
 F - a potion of berserk rage {unknown}
Comestibles
 c - 8 rations


   Skills:
 + Level 3.8 Maces & Flails
 - Level 1.7 Dodging
 - Level 1.4 Stealth
 + Level 7.3 Spellcasting
 + Level 2.4 Conjurations
 + Level 6.3 Ice Magic


You had 7 spell levels left.
You knew the following spells:

 Your Spells              Type           Power        Failure   Level  Hunger
a - Freeze                Ice            ####         1%          1    None
b - Throw Frost           Conj/Ice       ###...       2%          2    None
c - Ozocubu's Armour      Chrm/Ice       ###.....     9%          3    #......
d - Throw Icicle          Conj/Ice       ###.....     17%         4    ###....
e - Summon Ice Beast      Ice/Summ       ###.....     28%         4    ###....

Your spell library contained the following spells:

 Spells                   Type           Power        Failure   Level  Hunger
 Shock                    Conj/Air       ##..         6%          1    None


Dungeon Overview and Level Annotations

Branches:
Dungeon (7/15)             Temple (1/1) D:5

Altars:
Ashenzari
Cheibriados
Dithmenos
Elyvilon
Fedhas
Gozag
Hepliaklqana
Kikubaaqudgha
Makhleb
Okawaru
Ru
Sif Muna
Trog
Vehumet
Wu Jian
Yredelemnul
Zin
The Shining One

Shops:
D:6 (


Innate Abilities, Weirdness & Mutations

You are too large for most types of armour.
You have tough skin. (AC +1)


Message History

You are too injured to fight recklessly!
You are too injured to fight recklessly!
You hit the big kobold zombie.
The big kobold zombie is lightly damaged.
The hobgoblin zombie enters a dispersal trap!
The big kobold zombie blinks! x3; The mummy blinks!
The big kobold zombie blinks!
The mummy blinks! x2
The big kobold zombie blinks! x2; You blink.
The hobgoblin zombie blinks!
The mummy hits you!
* * * LOW HITPOINT WARNING * * *
You hit the mummy.
The mummy is moderately damaged.
The mummy hits you.
* * * LOW HITPOINT WARNING * * *
You barely miss the mummy.
The mummy is moderately damaged.
Casting: Freeze (safe; 1% risk of failure)
Confirm with . or Enter, or press ? or * to list all spells.
A chill wind blows around you. The mummy hits you!
You die...

# #######
.#.#.#§#.###########
...§Z.^...Z...MM@..##
...^§........M..Y...#
...§........∩.∩.....#
§^..^§.^............#
^..^.....^.........##
.#.#.#.#.###########
##########


You could see 3 mummies, a big kobold zombie and a friendly ice beast.

Vanquished Creatures
  Duvessa (D:7)
  A sky beast (D:6)
  A phantom (D:4)
  A centaur (D:6)
  2 bullfrogs (D:6)
  2 scorpions
  2 jellies (D:6)
  3 hounds
  An orc wizard (D:6)
  Jessica (D:3)
  Natasha (thrice) (D:3)
  An iguana (D:4)
  3 worker ants
  3 hound skeletons
  8 gnolls
  9 adders
  A shadow imp (D:5)
  3 oozes
  2 adder skeletons
  6 worms
  2 dart slugs
  15 leopard geckos
  14 orcs
  3 bats
  7 giant cockroaches
  5 hobgoblins
  8 jackals
  9 kobolds
  5 quokkas
  10 frilled lizards
  9 goblins
  A leopard gecko skeleton (D:4)
  A quokka zombie (D:4)
  8 rats
151 creatures vanquished.

Vanquished Creatures (collateral kills)
  Dowan (D:7)
  An adder skeleton (D:7)
  A quokka (D:7)
3 creatures vanquished.

Vanquished Creatures (others)
  A plant (D:4)
1 creature vanquished.

Grand Total: 155 creatures vanquished

Notes
Turn   | Place    | Note
-------+----------+-------------------------------------------
     0 | D:1      | night the Ogre Ice Elementalist began the quest for the
                  | Orb.
     0 | D:1      | Reached XP level 1. HP: 16/16 MP: 3/3
   140 | D:1      | Reached XP level 2. HP: 19/24 MP: 1/5
   211 | D:1      | Learned a level 2 spell: Throw Frost
   525 | D:1      | Reached skill level 3 in Spellcasting
  1024 | D:1      | Reached XP level 3. HP: 31/31 MP: 4/7
  1801 | D:2      | Reached XP level 4. HP: 19/39 MP: 0/9
  2101 | D:1      | Reached skill level 4 in Spellcasting
  2328 | D:1      | Learned a level 3 spell: Ozocubu's Armour
  2333 | D:1      | Learned a level 4 spell: Throw Icicle
  2803 | D:2      | Found a white marble altar of Elyvilon.
  2984 | D:2      | Reached XP level 5. HP: 45/45 MP: 8/11
  3461 | D:3      | Noticed Jessica
  3484 | D:3      | Killed Jessica
  3972 | D:3      | Reached skill level 5 in Spellcasting
  4149 | D:3      | Reached XP level 6. HP: 53/53 MP: 13/13
  4180 | D:3      | Upgraded the game from 0.24-a0-434-gd57e52fea8 to
                  | 0.24-a0-439-g6dd8730de2
  4183 | D:3      | Noticed Natasha
  4207 | D:3      | Killed Natasha
  4262 | D:3      | Noticed Natasha
  4271 | D:3      | Killed Natasha
  4401 | D:3      | Learned a level 4 spell: Summon Ice Beast
  4430 | D:3      | Noticed Natasha
  4434 | D:3      | Killed Natasha
  5097 | D:4      | Reached skill level 1 in Maces & Flails
  5097 | D:4      | Reached skill level 5 in Ice Magic
  5419 | D:4      | Found an iron altar of Okawaru.
  5419 | D:4      | Found a hazy altar of Hepliaklqana.
  5530 | D:4      | Found a shadowy altar of Dithmenos.
  5556 | D:4      | Reached XP level 7. HP: 57/59 MP: 3/15
  5780 | D:4      | Found an ancient bone altar of Kikubaaqudgha.
  5782 | D:4      | Found a blossoming altar of Fedhas.
  6022 | D:4      | Reached skill level 6 in Spellcasting
  6192 | D:5      | Entered Level 5 of the Dungeon
  6457 | D:5      | Found a deep blue altar of Sif Muna.
  6787 | D:5      | Found a staircase to the Ecumenical Temple.
  6815 | Temple   | Entered the Ecumenical Temple
  6902 | Temple   | Became a worshipper of Vehumet
  7408 | D:6      | Found Fasun's Antique Weapon Shop.
  7646 | D:6      | Reached XP level 8. HP: 63/67 MP: 17/17
  7682 | D:6      | Reached skill level 1 in Conjurations
  8054 | D:6      | Reached skill level 7 in Spellcasting
  8073 | D:6      | Found a shattered altar of Ashenzari.
  8325 | D:7      | Noticed Duvessa
  8329 | D:7      | Noticed Dowan
  8336 | D:7      | Killed Dowan
  8348 | D:7      | Killed Duvessa
  8348 | D:7      | Reached * piety under Vehumet
  8348 | D:7      | Offered knowledge of Shock by Vehumet.
  8349 | D:7      | Found a sand-covered staircase.
  8363 | Ossuary  | Entered an ossuary
  8381 | Ossuary  | Mangled by a mummy

Levels and vault maps discovered:
D:1:      evilmike_arrival_hilbert_curve, layout_loops_ring
D:2:      layout_basic, elyvilon_altar_3, hex_large
D:3:      layout_rooms, first_ration, minmay_joined_circles, uniq_jessica,
          uniq_natasha
D:4:      layout_loops_ring, grunt_temple_overflow_growth_and_decay,
          lemuel_crystal_altar, gammafunk_temple_overflow_wave,
          minmay_lizard_king
D:5:      layout_gridville, led_sif_pool, minmay_temple_entry_stoned_glass,
          minmay_diced_spiral
D:6:      layout_basic, lemuel_crystal_altar, serial_shops, shop_coins
D:7:      layout_cave_pools, dancing_weapons_uskayaw, minitemple, serial_shops,
          shop, nicolae_ossuary_entry_ruins, serial_column_ruins,
          column_ruins_open_small, column_ruins_grid_1,
          column_ruins_columns_straight, column_ruins_grid_1, uniq_menkaure,
          uniq_duvessa
Temple:   eino_wide_crystal_templ
Ossuary:  ossuary_the_hunt_dpeg

Skill      XL: |  1  2  3  4  5  6  7  8 |
---------------+-------------------------+-----
Ice Magic      | 3 4 5 6 |  6.3
Spellcasting   | 3 4 5 6 7 |  7.3
Maces & Flails | 1 2 3 |  3.8
Conjurations   | 2 |  2.4
Dodging        | |  1.7
Stealth        | |  1.4

Action                   |  1- 3 |  4- 6 |  7- 9 || total
-------------------------+-------+-------+-------++-------
Melee: Unarmed           |     9 |    11 |       ||    20
       Club              |       |     7 |       ||     7
       Mace              |       |    78 |   105 ||   183
       Whip              |       |    12 |       ||    12
       Morningstar       |       |       |    25 ||    25
Throw: Boomerang         |       |       |    11 ||    11
 Cast: Freeze            |    37 |   100 |    62 ||   199
       Throw Frost       |     7 |    58 |    20 ||    85
       Ozocubu's Armour  |       |     2 |     1 ||     3
       Summon Ice Beast  |       |       |     3 ||     3
  Use: Scroll            |       |     5 |       ||     5
 Stab: Sleeping          |       |       |     1 ||     1
  Eat: Chunk             |     3 |    13 |     9 ||    25
Armor: Robe              |     3 |    78 |    66 ||   147
Dodge: Dodged            |    23 |   105 |   116 ||   244

Table legend:
 A = Non-vault XP
 B = Vault XP
 C = Vault XP percentage of total XP
 D = Non-vault monster count
 E = Vault monster count
 F = Vault count percentage of total count
                 A         B        C        D         E       F
            +---------+---------+-------+---------+---------+-------
      Total |    1627 |     320 |  16.4 |     126 |      28 |  18.2
            +---------+---------+-------+---------+---------+-------
        D:1 |      81 |       0 |   0.0 |      22 |       0 |   0.0
        D:2 |     106 |       0 |   0.0 |      22 |       0 |   0.0
        D:3 |     159 |     106 |  40.0 |      24 |      12 |  33.3
        D:4 |     303 |      62 |  17.0 |      21 |      13 |  38.2
        D:5 |     205 |      11 |   5.1 |      16 |       1 |   5.9
        D:6 |     694 |       0 |   0.0 |      17 |       0 |   0.0
        D:7 |      79 |     141 |  64.1 |       4 |       2 |  33.3
            +---------+---------+-------+---------+---------+-------
